 Dungeon Crawl Stone Soup version 0.17-a0-1954-g0dddeaa (webtiles) character file.

3 dpvblackbelt the Charmwright (level 1, 0/19 HPs)
             Began as a Naga Skald on Oct 4, 2015.
             Slain by a giant newt (1 damage)
             ... on level 1 of the Dungeon.
             The game lasted 00:01:18 (321 turns).

dpvblackbelt the Charmwright (Naga Skald)            Turns: 321, Time: 00:01:18

Health: 0/19       AC:  1    Str: 14    XL:     1   Next: 50%
Magic:  1/3        EV:  9    Int: 12    God:
Gold:   0          SH:  0    Dex: 10    Spells: 1 memorised, 3 levels left

rFire  . . .     SeeInvis +     a - +0 mace
rCold  . . .     Clarity  .     b - +0 leather armour
rNeg   . . .     SustAt   .     (no shield)
rPois  +         Gourm    .     (no helmet)
rElec  .         Spirit   .     (no cloak)
rCorr  .         Warding  .     (no gloves)
rMut   .         Stasis   .     (no barding)
MR     .....                    (no amulet)
Stlth  +.........               (no ring)
                                (no ring)

@: infused, very slightly contaminated, very slow, not resistant to hostile
enchantments, very unstealthy
A: see invisible, deformed body, poison resistance, slowness 2, slow metabolism
1, spit poison 2, AC +0
a: Spit Poison


You were on level 1 of the Dungeon.
You were not hungry.

You visited 1 branch of the dungeon, and saw 1 of its levels.

Inventory:

Hand weapons
 a - a +0 mace (weapon)
 e - a +0 whip
   (You took it off a kobold on level 1 of the Dungeon)
Armour
 b - a +0 leather armour (worn)
Scrolls
 f - a scroll of teleportation {unknown}
Books
 c - a book of Battle
Comestibles
 d - a bread ration {@e1@e1}


   Skills:
 - Level 2.0 Fighting
 + Level 2.3 Maces & Flails
 - Level 0.7 Armour
 - Level 0.7 Dodging
 - Level 2.0 Spellcasting
 - Level 3.0 Charms


You had 3 spell levels left.
You knew the following spells:

 Your Spells              Type           Power        Failure   Level  Hunger
a - Infusion              Chrm           #.....       12%         1    ##.....


Dungeon Overview and Level Annotations

Branches:
Dungeon (1/15)

Altars:


Innate Abilities, Weirdness & Mutations

You cannot wear boots.
Your serpentine skin is tough (AC +0).
You have supernaturally acute eyesight.
Armour fits poorly on your strangely shaped body.
Your system is resistant to poisons.
You cover ground very slowly.
You have a slow metabolism.
You can spit poison.


Message History

Welcome, dpvblackbelt the Naga Skald.
It is said that the Orb of Zot exists deep within this dungeon, but nobody has ever found it.
Found a staircase leading out of the dungeon.
You open the door.
There is an open door here.
Found a stone staircase leading down.
A kobold comes into view. It is wielding a whip.
The kobold shouts!
The kobold hits you with a whip.
You take 6 damage, and have 13/19 hp.
MASSIVE DAMAGE!!
You barely miss the kobold. The kobold hits you with a whip.
You take 3 damage, and have 10/19 hp.
You closely miss the kobold. The kobold hits you with a whip.
* * * LOW HITPOINT WARNING * * *
You take 5 damage, and have 5/19 hp.
MASSIVE DAMAGE!!
You hit the kobold.
You kill the kobold!
A rat comes into view.
Things that are here:
a whip; a kobold corpse
e - a whip You barely miss the rat.
The rat bites you.
* * * LOW HITPOINT WARNING * * *
You take 1 damage, and have 4/19 hp.
You sock the rat!
You kill the rat!
You start resting.
Health restored: 19
f - a scroll labeled KEOD NULAR A rat comes into view.
The rat bites you.
You take 1 damage, and have 18/19 hp.
You hit the rat.
You kill the rat!
No target in view!
No target in view!
No target in view!
A goblin and a kobold come into view.
The kobold shouts!
The goblin shouts!
The kobold throws a stone.
The stone hits you but does no damage. 2 giant newts come into view.
You see here a stone.
There are monsters nearby!
There are monsters nearby!
The kobold throws a stone.
The stone hits you.
You see here a stone.
You take 3 damage, and have 15/19 hp.
You closely miss the goblin. The goblin hits you with a club.
You take 4 damage, and have 11/19 hp.
MASSIVE DAMAGE!!
You barely miss the goblin. The goblin hits you with a club.
You take 3 damage, and have 8/19 hp.
You closely miss the goblin. The goblin closely misses you.
You hit the goblin. The goblin hits you but does no damage.
You barely miss the goblin. The goblin hits you with a club.
You take 2 damage, and have 6/19 hp.
You barely miss the goblin. The goblin barely misses you.
The goblin closely misses you.
You hit the goblin.
You kill the goblin!
The giant newt bites you.
* * * LOW HITPOINT WARNING * * *
You take 2 damage, and have 4/19 hp.
You miscast Infusion.
You are very lightly contaminated with residual magic.
Strange energies run through your body. The giant newt bites you.
* * * LOW HITPOINT WARNING * * *
You take 3 damage, and have 1/19 hp.
You now have 2/3 mp.
You begin infusing your attacks with magical energy.
The giant newt barely misses you.
You now have 1/3 mp.
You closely miss the giant newt. The giant newt bites you.
You die...

.#...#...#.##...≈≈
.... #.#.#.##....≈≈
... #.#.#.##.......
....#.#.#.##.######
....#......#.#
...###.#..# #..
#.#..# #.. #.#..#
l. #.. #@#..#
....#..###l#..#
...K.g.(.(K#..#
..............#
...........#.##
l.........†#.#
...l.......#.#
...........#.#
...........#.#


You could see a kobold and a giant newt.

Vanquished Creatures
  A goblin (D:1)
  A kobold (D:1)
  2 rats (D:1)
4 creatures vanquished.

Notes
Turn   | Place    | Note
--------------------------------------------------------------
     0 | D:1      | dpvblackbelt the Naga Skald began the quest for the Orb.
     0 | D:1      | Reached XP level 1. HP: 19/19 MP: 3/3
    32 | D:1      | HP: 4/19 [rat (1)]
   318 | D:1      | HP: 4/19 [giant newt (2)]
   319 | D:1      | HP: 1/19 [giant newt (3)]
   321 | D:1      | Slain by a giant newt

Vault maps used:
D:1:      dpeg_arrival_rhombi, hangedman_decor_growths, moated_statue

Action                   || total
-------------------------++-------
Melee: Mace              ||    14
 Cast: Infusion          ||     1

Vault maps used:
D:1:      dpeg_arrival_rhombi, hangedman_decor_growths, moated_statue

Table legend:
 A = Turns spent in this place as a percentage of turns spent in the entire game.
 B = Non-inter-level travel turns spent in this place as a percentage of non-inter-level travel turns spent in the entire game.
 C = Inter-level travel turns spent in this place as a percentage of turns spent in this place.
 D = Turns resting spent in this place as a percentage of non-inter-level travel turns spent in this place.
 E = Turns spent auto-exploring this place as a percentage of non-inter-level travel turns spent in this place.
 F = Non-inter-level travel turns spent in this place divided by the number of levels of this place that you've seen.
                   A       B       C       D       E      F
               +-------+-------+-------+-------+-------+----------------------
         Total | 100.0 | 100.0 |   0.0 |   4.1 |  10.2 |  49.0
       Dungeon | 100.0 | 100.0 |   0.0 |   4.1 |  10.2 |  49.0
               +-------+-------+-------+-------+-------+----------------------

Table legend:
 A = Kills in this place as a percentage of kills in entire the game.
 B = Kills by you in this place as a percentage of kills by you in the entire game.
 C = Kills by friends in this place as a percentage of kills by friends in the entire game.
 D = Other kills in this place as a percentage of other kills in the entire game.
 E = Experience gained in this place as a percentage of experience gained in the entire game.
 F = Experience gained in this place divided by the number of levels of this place that you have seen.
                   A       B       C       D       E      F
               +-------+-------+-------+-------+-------+----------------------
         Total | 100.0 | 100.0 |  -nan |  -nan | 100.0 |   5.0
       Dungeon | 100.0 | 100.0 |  -nan |  -nan | 100.0 |   5.0
               +-------+-------+-------+-------+-------+----------------------
